 Dungeon Crawl Stone Soup version 0.22-a0-322-g60b3cfd (webtiles) character file.

766 Amnesiac the Zephyrmancer (level 7, -1/40 HPs)
             Began as a Tengu Air Elementalist on Apr 2, 2018.
             Succumbed to an ogre zombie's poison
             ... on level 4 of the Dungeon.
             The game lasted 00:06:27 (4675 turns).

Amnesiac the Zephyrmancer (Tengu Air Elementalist)  Turns: 4675, Time: 00:06:27

Health: -1/40      AC:  5    Str:  8    XL:     7   Next: 82%
Magic:  14/14      EV: 11    Int: 18    God:
Gold:   224        SH:  0    Dex: 14    Spells: 8/15 levels left

rFire    . . .     SeeInvis .   n - +1 dagger (speed)
rCold    . . .     Gourm    .   (no shield)
rNeg     . . .     Faith    .   q - +0 ring mail {rPois}
rPois    +         Spirit   .   (helmet restricted)
rElec    .         Reflect  .   s - scarf {cloud immunity}
rCorr    .         Harm     .   (no gloves)
MR       .....                  (boots unavailable)
Stlth    +.........             (no amulet)
HPRegen  0.13/turn              (no ring)
MPRegen  0.14/turn              (no ring)

@: lethally poisoned (-1 -> -36)
A: beak, talons 3, able to fly 1
a: Fly


You were on level 4 of the Dungeon.
You were very hungry.

You visited 1 branch of the dungeon, and saw 4 of its levels.

You collected 224 gold pieces.

Inventory:

Hand Weapons
 n - a +1 dagger of speed (weapon)
Missiles
 r - 12 poisoned needles
Armour
 a - a +0 robe
 q - a +0 ring mail of poison resistance (worn)
 s - a scarf of cloud immunity (worn)
Wands
 m - a wand of random effects (37)
Scrolls
 e - 4 scrolls of remove curse {!r}
 f - 3 scrolls of fog {!r, unknown}
 j - a scroll of random uselessness {!r, unknown}
 l - 4 scrolls of teleportation {!r, unknown}
 o - a scroll of enchant weapon {!r, unknown}
 p - a scroll of enchant armour {!r, unknown}
 t - a scroll of fear {!r, unknown}
 u - a scroll of magic mapping {!r, unknown}
Potions
 b - 3 potions of resistance {!q}
 d - a potion of ambrosia {!q, unknown}
 g - a potion of curing {!q, unknown}
 h - a potion of experience {!q, unknown}
 i - a potion of brilliance {!q, unknown}
 k - a potion of heal wounds {!q}
Comestibles
 c - 6 rations


   Skills:
 + Level 2.1 Fighting
 * Level 4.3 Dodging
 - Level 2.0 Stealth
 + Level 4.5 Spellcasting
 - Level 1.3 Conjurations
 - Level 8.3 Air Magic


You had 8 spell levels left.
You knew the following spells:

 Your Spells              Type           Power        Failure   Level  Hunger
a - Shock                 Conj/Air       ###.         6%          1    None
d - Airstrike             Air            ####......   14%         4    ####...
z - Swiftness             Chrm/Air       ###.....     12%         2    #......


Dungeon Overview and Level Annotations

Branches:
Dungeon (4/15)
 Temple: D:4-7

Altars:
Gozag


Innate Abilities, Weirdness & Mutations

You have a beak for a mouth.
You have claws for feet.
You can fly.


Message History

Found a runed rapier.
f - 3 scrolls labeled RIET QOSKAODO {!r} (gained 1)
l - 4 scrolls labeled GULAYG TEDUSI {!r} (gained 1)
You open the door.
There is an open door here.
Found 14 stones.
Found 9 gold pieces.
There is a transporter landing site here.
There is an open door here.
You open the door.
There is an open door here.
Key pressed, stopping explore.
There is an open door here.
There is an open door here.
Partly explored, unvisited transporter.
Partly explored, unvisited transporter.
Partly explored, unvisited transporter.
Partly explored, unvisited transporter.
There is a stone staircase leading down here.
There is an open door here.
There is an open door here.
There is a transporter here.
Wear which item? (? for menu, Esc to quit)
You start removing your armour.
You continue taking off your +0 robe. x4
You finish taking off your +0 robe.
You start putting on your armour.
You continue putting on your +0 ring mail of poison resistance. x2
You are feeling very hungry.
You continue putting on your +0 ring mail of poison resistance. x3
You finish putting on your +0 ring mail of poison resistance.
You feel resistant to poison.
You enter the transporter and appear at another place.
b - 3 potions of resistance {!q} (gained 2)
There are no items here.
You open the gate.
The orc warrior zombie hits you with a flail of venom.
You are poisoned.
There is an open gate here.
You feel sick.
The orc warrior zombie hits you with a flail of venom.
You are more poisoned.
Press: ? - help, v - describe, . - travel
Here: an orc warrior zombie, wielding a flail of venom (poison gas)
An open gate.
Unknown command.
You feel sick. The ogre zombie misses you.
You feel sick.
You feel sick. The ogre zombie barely misses you.
You see here a runed rapier.
Press: ? - help, v - describe, . - travel, g - get item A sharpened gold wand.
The floor.
You feel sick.
You see here a wand of random effects (37).
m - a wand of random effects (37)
You feel sick.
You feel sick.
The ogre zombie hits you with a giant club of venom!!
Ouch! That really hurt!
* * * LOW HITPOINT WARNING * * *
You are more poisoned.
There is a transporter, spattered with blood here.
You enter the transporter and appear at another place.
You die...

######### ######## ........#
#######......### ........#
#.....#......#.. ........#
#.....#......#.. ........#
###.....#......#.. ........######
#....####......#..
########.....###.##.....#######..
.......#.....##Z..#.....'.....'.>
.......'.....##.@Z#.....#.....#..
.......#...###########..#.....#..
.......#...#§§Z(§.§§§#..#....##..
###'######'#§§§$)$§§§#..#######..
...........#§§§...§§.#..#.....#..
.[......[..#§§§§§§§§§#..#.....#..
...........#§§§§§.§§§#..'.....#..
#########..####§'§####..#.....#..
........#...#§§...§.#...#.....#..


You could see an orc warrior zombie and 2 ogre zombies.

Vanquished Creatures
  The ghost of sankara the Ruffian, an amateur MiTm (D:3)
  A crocodile (D:4)
  A bullfrog (D:3)
  2 hounds (D:4)
  3 orc priests
  5 orc wizards
  3 worker ants (D:4)
  A howler monkey skeleton (D:4)
  5 adders
  An ooze (D:1)
  3 adder skeletons (D:4)
  3 worms
  2 leopard geckos
  14 orcs
  6 bats
  2 giant cockroaches
  10 hobgoblins
  2 jackals (D:4)
  4 kobolds
  A quokka (D:4)
  5 ball pythons
  6 frilled lizards
  7 goblins
  10 rats
98 creatures vanquished.

Notes
Turn   | Place    | Note
-------+----------+-------------------------------------------
     0 | D:1      | Amnesiac the Tengu Air Elementalist began the quest for the Orb.
     0 | D:1      | Reached XP level 1. HP: 10/10 MP: 4/4
   224 | D:1      | Reached XP level 2. HP: 11/15 MP: 0/6
   236 | D:1      | Learned a level 2 spell: Swiftness
   668 | D:1      | Reached skill level 5 in Air Magic
   987 | D:2      | Reached XP level 3. HP: 14/19 MP: 0/7
  1501 | D:2      | Found an opulent altar of Gozag.
  2041 | D:3      | Noticed sankara's ghost (amateur MiTm)
  2065 | D:3      | Killed sankara's ghost
  2065 | D:3      | Reached skill level 7 in Air Magic
  2065 | D:3      | Reached XP level 4. HP: 15/24 MP: 1/10
  2065 | D:3      | Gained mutation: You can fly. [Tengu growth]
  2065 | D:3      | Reached XP level 5. HP: 18/28 MP: 1/11
  2122 | D:3      | Learned a level 4 spell: Airstrike
  2275 | D:3      | Reached XP level 6. HP: 28/32 MP: 1/12
  2960 | D:3      | Reached skill level 8 in Air Magic
  3549 | D:4      | Reached XP level 7. HP: 33/37 MP: 9/14
  3561 | D:4      | Found a transporter.
  3598 | D:4      | Reached skill level 1 in Fighting
  4538 | D:4      | Found a transporter.
  4674 | D:4      | HP: 2/40 [ogre zombie/giant club of venom (22)]
  4675 | D:4      | Succumbed to an ogre zombie's poison

Vault maps used:
D:1:      dpeg_arrival_radiant, grunt_decor_resistance, minmay_misc_feat_chi
D:2:      serial_forest, infiniplex_forest_3_way, infiniplex_forest_straight_1,
          infiniplex_forest_lined_3, infiniplex_forest_corner_1,
          infiniplex_forest_clump_tiny, infiniplex_forest_clump_curved,
          infiniplex_forest_diagonal, infiniplex_forest_lined_4_way,
          infiniplex_forest_lined_ring, infiniplex_forest_clump_small,
          grunt_gozag_breadcrumbs
D:3:      first_ration
D:4:      gammafunk_cloud_chamber, sigmund_army

Skill      XL: |  1  2  3  4  5  6  7 |
---------------+----------------------+-----
Air Magic      | 5 7 8 |  8.3
Spellcasting   | 3 4 |  4.5
Fighting       | 2 |  2.1
Dodging        | 4 |  4.3
Stealth        | |  2.0
Conjurations   | |  1.3

Action                   |  1- 3 |  4- 6 |  7- 9 || total
-------------------------+-------+-------+-------++-------
Melee: Unarmed           |     7 |     2 |    10 ||    19
       Kick              |     1 |     1 |     1 ||     3
       Peck              |     1 |       |       ||     1
 Cast: Shock             |    83 |    96 |    53 ||   232
       Airstrike         |       |     4 |     6 ||    10
  Use: Scroll            |     1 |       |       ||     1
       Potion            |       |       |     2 ||     2
  Eat: Chunk             |     4 |     5 |     4 ||    13
Armor: Robe              |     1 |     1 |     7 ||     9
       Skin              |       |       |     4 ||     4
Dodge: Dodged            |    12 |    12 |    15 ||    39

Table legend:
 A = Spawn XP
 B = Non-spawn XP
 C = Spawn XP percentage of total XP
 D = Spawn monster count
 E = Non-spawn monster count
 F = Spawn count percentage of total count
 G = Total turns spent on level
                    A         B        C        D         E        F      G
               +---------+---------+-------+---------+---------+-------+---------
         Total |       0 |    1095 |   0.0 |       0 |      98 |   0.0 |  4675
               +---------+---------+-------+---------+---------+-------+---------
           D:1 |       0 |      32 |   0.0 |       0 |      18 |   0.0 |   973
           D:2 |       0 |      37 |   0.0 |       0 |      15 |   0.0 |  1049
           D:3 |       0 |     487 |   0.0 |       0 |      39 |   0.0 |  1254
           D:4 |       0 |     539 |   0.0 |       0 |      26 |   0.0 |  1399
               +---------+---------+-------+---------+---------+-------+---------
